 Dungeon Crawl Stone Soup version 0.24.0-28-g17ded55e90 (webtiles) character file.

Game seed: 13497925005019370413, levelgen mode: deterministic

558626 Matador8 the Earth Mage (level 25, -12/336 HPs)
             Began as a Grey Draconian Fire Elementalist on Nov 10, 2019.
             Was the Champion of Vehumet.
             Killed from afar by a shadow dragon (19 damage)
             ... with a bolt of negative energy
             ... on level 5 of the Vaults on Nov 12, 2019.
             The game lasted 15:13:21 (123820 turns).

Matador8 the Earth Mage (DrFE)                    Turns: 123820, Time: 15:13:23

Health: -12/336    AC: 26    Str: 21    XL:     25   Next: 77%
Magic:  4/41       EV: 23    Int: 25    God:    Vehumet [******]
Gold:   1768       SH: 13    Dex: 21    Spells: 6/52 levels left

rFire    + + .     SeeInvis .   b - +7 demon whip (slash)
rCold    + . .     Gourm    .   u - +2 buckler {AC+3}
rNeg     + . .     Faith    .   (armour unavailable)
rPois    .         Spirit   .   (helmet restricted)
rElec    .         Reflect  +   s - scarf {rC+ rF+}
rCorr    .         Harm     .   Q - +2 pair of gloves {Dex+3}
MR       ++...                  v - +2 pair of boots {Stlth+}
Stlth    ..........             q - +5 amulet of reflection
HPRegen  0.66/turn              f - ring "Ceqathredgh" {rN+ Int+2}
MPRegen  0.27/turn              k - ring "Vac Viug" {rF+ MR+ Str+3 Dex+4}

@: berserking (expiring), lightly drained, very quick
A: walk through water, unfitting armour, unbreathing, cold-blooded, AC +17
}: 2/15 runes: decaying, serpentine
a: Renounce Religion


You were on level 5 of the Vaults.
You worshipped Vehumet.
Vehumet was exalted by your worship.
You were not hungry.

You visited 8 branches of the dungeon, and saw 44 of its levels.
You also visited: Wizlab.

You collected 6912 gold pieces.
You spent 5144 gold pieces at shops.

Inventory:

Hand Weapons
 a - a +4 demon whip of electrocution
 b - a +7 demon whip of slashing (weapon)
 M - the cursed +1 scimitar of Blood {speed, +Blink MR+ Int+3}
   (You took it off a deep elf death mage on level 3 of the Elven Halls)

   Attacks with this weapon are significantly faster.
   It affects your intelligence (+3).
   It affects your resistance to hostile enchantments.
   It lets you blink.
   It has a curse placed upon it.
Missiles
 E - 3 throwing nets (quivered)
Armour
 s - a scarf of resistance (worn)
 u - a +2 buckler of protection (worn)
 v - a +2 pair of boots of stealth (worn)
 Q - a +2 pair of gloves of dexterity (worn)
 R - the +1 cloak of Starlight {rElec rC+ EV+4 Stlth--}
   (You found it on level 3 of the Elven Halls)

   It affects your evasion (+4).
   It protects you from cold.
   It insulates you from electricity.
   It makes you much less stealthy.
Magical Staves
 z - an uncursed staff of death
Jewellery
 f - the ring "Ceqathredgh" (left hand) {rN+ Int+2}
   (You bought it in a shop on level 1 of the Snake Pit)

   [ring of positive energy]

   It affects your intelligence (+2).
   It protects you from negative energy.
 k - the ring "Vac Viug" (right hand) {rF+ MR+ Str+3 Dex+4}
   (You bought it in a shop on level 1 of the Snake Pit)

   [ring of protection from fire]

   It affects your strength (+3).
   It affects your dexterity (+4).
   It protects you from fire.
   It affects your resistance to hostile enchantments.
 p - an uncursed ring of resist corrosion
 q - a +5 amulet of reflection (around neck)
 r - the ring "Qyvusuw" {rC++ MR+}
   (You found it on level 4 of the Snake Pit)

   [ring of protection from magic]

   It greatly protects you from cold.
   It affects your resistance to hostile enchantments.
 x - an uncursed amulet of the acrobat
 P - an uncursed ring of protection from fire
 S - an uncursed ring of see invisible
 U - an uncursed ring of wizardry
 W - a +5 ring of protection
 Y - the amulet of the Four Winds {rN+ MR+++ Clar}
   (You took it off a deep elf annihilator on level 3 of the Elven Halls)

   [amulet of nothing]

   It protects you from negative energy.
   It affects your resistance to hostile enchantments.
   It protects you against confusion.
Wands
 A - a wand of acid (23)
 F - a wand of digging (13)
 K - a wand of iceblast (24)
 X - a wand of enslavement (15)
Scrolls
 c - 2 scrolls of teleportation
 e - 2 scrolls of blinking
 i - 2 scrolls of enchant weapon
 n - 8 scrolls of identify
 o - 11 scrolls of immolation
 y - 2 scrolls of holy word
Potions
 j - 3 potions of curing
 t - 4 potions of cancellation
 C - 4 potions of resistance
 J - 8 potions of brilliance
 O - a potion of haste
Miscellaneous
 H - a phial of floods (inert)
 L - a fan of gales
Comestibles
 w - 11 rations


   Skills:
 - Level 18.0(17.5) Fighting
   Level 3.8(9.6) Short Blades
 - Level 13.8(13.5) Long Blades
 - Level 12.0(11.6) Maces & Flails
 + Level 3.1(2.8) Throwing
 * Level 12.4(12.0) Dodging
 - Level 7.0(6.6) Stealth
 - Level 4.1(3.7) Shields
 - Level 14.0(13.5) Spellcasting
 - Level 16.2(15.7) Conjurations
 - Level 15.1(14.6) Necromancy
   Level 3.6(3.2) Translocations
   Level 4.1(3.8) Transmutations
 - Level 14.0(13.6) Fire Magic
 - Level 19.2(18.7) Earth Magic
   Level 5.0(4.6) Poison Magic
   Level 2.7(2.4) Invocations
 - Level 10.0(9.6) Evocations


You had 6 spell levels left.
You knew the following spells:

 Your Spells              Type           Power        Failure   Level  Hunger
a - Orb of Destruction    Conj           #######...   1%          7    ######.
b - Throw Flame           Conj/Fire      ######       0%          2    None
c - Conjure Flame         Conj/Fire      ######..     1%          3    None
d - Sticky Flame          Conj/Fire      ######..     1%          4    None
e - Regeneration          Chrm/Necr      ######....   1%          3    None
f - Iron Shot             Conj/Erth      #######...   1%          6    #####..
h - Bolt of Draining      Conj/Necr      #######...   1%          5    ###....
i - Borgnjor's Vile Clut  Necr/Erth      #######...   1%          5    ###....
j - Dispel Undead         Necr           ######..     1%          5    ###....
k - Death Channel         Necr           ######....   1%          6    #####..

Your spell library contained the following spells:

 Spells                   Type           Power        Failure   Level  Hunger
 Shatter                  Erth           #######...   36%         9    #######
 Fire Storm               Conj/Fire      ######....   88%         9    #######
 Glaciate                 Conj/Ice       ######....   100%        9    #######
 Animate Skeleton         Necr           N/A          0%          1    None
 Flame Tongue             Conj/Fire      #####        0%          1    None
 Magic Dart               Conj           ####         0%          1    None
 Pain                     Necr           ####         0%          1    None
 Corpse Rot               Necr           N/A          0%          2    None
 Searing Ray              Conj           ######       0%          2    None
 Sublimation of Blood     Necr           ######....   0%          2    None
 Stone Arrow              Conj/Erth      ######       0%          3    None
 Apportation              Tloc           ####..       1%          1    None
 Beastly Appendage        Tmut           #####.       1%          1    None
 Shock                    Conj/Air       ####         1%          1    None
 Sticks to Snakes         Tmut           #####...     1%          2    None
 Dazzling Spray           Conj/Hex       ######       1%          3    None
 Ignite Poison            Fire/Tmut/Pois ######..     1%          3    None
 Inner Flame              Hex/Fire       ######..     1%          3    None
 Spider Form              Tmut/Pois      #####.....   1%          3    None
 Static Discharge         Conj/Air       ######..     1%          3    None
 Vampiric Draining        Necr           ######....   1%          3    None
 Animate Dead             Necr           N/A          1%          4    None
 Force Lance              Conj/Tloc      ######..     1%          4    None
 Fulminant Prism          Conj/Hex       ######....   1%          4    None
 Iskenderun's Mystic Bla  Conj           #######.     1%          4    None
 Leda's Liquefaction      Hex/Erth       ######....   1%          4    None
 Petrify                  Tmut/Erth      ######..     1%          4    None
 Agony                    Necr           ######..     1%          5    ###....
 Bolt of Magma            Conj/Fire/Erth #######...   1%          5    ###....
 Fireball                 Conj/Fire      ######....   1%          5    ###....
 Irradiate                Conj/Tmut      ######....   1%          5    ###....
 Iskenderun's Battlesphe  Conj/Chrm      ######..     1%          5    ###....
 Lightning Bolt           Conj/Air       ######....   1%          5    ###....
 Venom Bolt               Conj/Pois      ######....   1%          5    ###....
 Bolt of Fire             Conj/Fire      ######....   1%          6    #####..
 Gell's Gravitas          Tloc           ####......   2%          3    None
 Lesser Beckoning         Tloc           ####......   2%          3    None
 Poison Arrow             Conj/Pois      ######....   2%          6    #####..
 Confusing Touch          Hex            ###...       3%          1    None
 Corona                   Hex            ###....      3%          1    None
 Summon Butterflies       Summ           ###.....     3%          1    None
 Summon Small Mammal      Summ           ###.         3%          1    None
 Excruciating Wounds      Chrm/Necr      ######....   4%          5    ###....
 Call Imp                 Summ           ###.....     5%          2    None
 Ensorcelled Hibernation  Hex/Ice        ###...       5%          2    None
 Swiftness                Chrm/Air       ###.....     5%          2    None
 Portal Projectile        Hex/Tloc       ####..       5%          3    None
 Recall                   Summ/Tloc      N/A          5%          3    None
 Bolt of Cold             Conj/Ice       ######....   5%          6    #####..
 Airstrike                Air            ###.......   10%         4    None
 Call Canine Familiar     Summ           ###.....     11%         3    None
 Confuse                  Hex            ###.....     11%         3    None
 Summon Guardian Golem    Hex/Summ       ###.....     11%         3    None
 Tukima's Dance           Hex            ###.....     11%         3    None
 Yara's Violent Unravell  Hex/Tmut       ####......   12%         5    ###....
 Ice Form                 Ice/Tmut       ####....     16%         4    None
 Freezing Cloud           Conj/Ice/Air   #####.....   16%         6    #####..
 Alistair's Intoxication  Tmut/Pois      #####...     17%         5    ###....
 Blade Hands              Tmut           #####.....   21%         5    ###....
 Simulacrum               Ice/Necr       ######....   26%         6    #####..
 Cause Fear               Hex            ###.......   34%         4    None
 Summon Ice Beast         Ice/Summ       ###.....     34%         4    None
 Summon Lightning Spire   Summ/Air       ###.....     34%         4    None
 Summon Forest            Summ/Tloc      ####......   43%         5    ###....
 Aura of Abjuration       Summ           ###.......   67%         5    ###....
 Metabolic Englaciation   Hex/Ice        ###.......   67%         5    ###....
 Summon Demon             Summ           ###.......   67%         5    ###....
 Summon Mana Viper        Hex/Summ       ###.....     67%         5    ###....
 Hydra Form               Tmut           #####.....   73%         6    #####..
 Ozocubu's Refrigeration  Ice            ###.......   75%         6    #####..
 Dispersal                Tloc           ####......   80%         6    #####..
 Invisibility             Hex            ###.....     99%         6    #####..
 Shadow Creatures         Summ           N/A          99%         6    #####..
 Lehudib's Crystal Spear  Conj/Erth      #######...   5%          8    #######
 Spellforged Servitor     Conj/Summ      ######....   28%         7    ######.
 Chain Lightning          Conj/Air       ######....   88%         8    #######
 Dragon Form              Tmut           #####.....   99%         7    ######.
 Summon Hydra             Summ           ###.......   100%        7    ######.
 Controlled Blink         Tloc           N/A          100%        8    #######
 Disjunction              Tloc           ####......   100%        8    #######
 Dragon's Call            Summ           ###.......   100%        9    #######


Dungeon Overview and Level Annotations

Branches:
Dungeon (15/15)            Temple (0/1) D:4            Lair (6/6) D:9
  Swamp (4/4) Lair:3        Snake (4/4) Lair:3        Slime (0/5) Lair:5
    Orc (2/2) D:10            Elf (3/3) Orc:2        Vaults (5/5) D:13
  Crypt (0/3) Vaults:3     Depths (5/5) D:15         WizLab (visited)
    Zot: Depths:5

Altars:
Ashenzari
Dithmenos
Elyvilon
Fedhas
Gozag
Hepliaklqana
Kikubaaqudgha
Makhleb
Nemelex Xobeh
Trog
Vehumet
Xom
Yredelemnul
Zin
The Shining One
Beogh

Shops:
D:6 }   D:11 *   D:13 (   Orc:1 %   Orc:2 [!*   Elf:1 (   Elf:3 [   Snake:1 ==!
Vaults:3 [*(   Depths:1 =   Depths:2 }==

Portals:
Hell: Depths:1 Depths:2 Depths:3 Depths:4
Abyss: Depths:1 Depths:2 Depths:4
Pandemonium: Depths:1 Depths:3 Depths:4
Ziggurat: Depths:3
Trove: D:12 (give +3 gold dragon scales)

Annotations:
D:4 Pikel
D:7 Harold, Joseph
D:12 2 transporters, Naggiasi's ghost, journeyman KoAs
D:15 2 transporters, Yamstis's ghost, adept GnMo
Lair:4 exclusion: 2 oklob plants
Elf:2 3 runed translucent doors
Vaults:4 3 runed translucent doors, exclusion: door, DizzySkin's ghost, veteran MiBe; Lolleill's ghost, adept DgTm; deprived's ghost, veteran HOFi; theMacoje's ghost, adept OgEn


Innate Abilities, Weirdness & Mutations

You can walk through water.
Your dull iron-grey scales are very hard. (AC +17)
You cannot fit into any form of body armour.
You can survive without breathing.
You are cold-blooded and may be slowed by cold attacks.


Message History

You hit the vault guard but do no damage.
The vault guard is almost dead.
The zombie hands constrict the vault guard.
The shadow dragon bites you but does no damage.
The shadow dragon completely misses you.
The shadow dragon closely misses you.
The zombie hands constrict the vault guard!
You kill the vault guard!
Vehumet accepts your kill.
Things that are here:
a large rock; a bolt You are too berserk!
Unknown command.
You whack the phantasmal warrior!
The phantasmal warrior is moderately damaged.
The shadow dragon breathes negative energy at you.
The bolt of negative energy hits the phantasmal warrior.
The phantasmal warrior completely resists.
The bolt of negative energy hits you!! You partially resist.
You feel drained.
You die...

,,,,**,*,,,*,***,*,$,*,***,*,,*,,
,,,,*,***,*,,,*,**#.*,,,*,***,*,,
,,,,*,,*,***,*,,,*.#**,*,,,*,**,,
,,,,*,*,,,*,*##,*,.,*,***,*,,,*,,
,,,,****,*,,,#.###.*,,,*,***,**,,
,,,,*,*,***,*,..#.##*,*,,,*,***,,
,,,,**,,,*,***,#.)D#,***,*,,,**,,
,,,,***,*,,,*,*##W#,,,*,***,*,,,,
,,,,,*,***,*,,,#@##*,*,,,*,***,,,
,,,,,,,,*******###***********,,,,
,,,,,,,,,,,,,,,,,,,,,,,,,,,,,,,,,
,,,,,,,,,,,,,,,,,,,,,,,,,,,,,,,,,
*********************************


You could see a shadow dragon and a phantasmal warrior.

Vanquished Creatures
  A juggernaut (Depths:4)
  Boris (Vaults:2)
  Vashnia (Snake:4)
  Saint Roka (Snake:4)
  2 caustic shrikes (Depths:4)
  the Enchantress (Depths:4)
  Jory (Depths:4)
  3 golden dragons (Depths:4)
  7 tentacled monstrosities
  2 liches
  An Ice Fiend (Depths:1)
  A deep elf blademaster (Elf:2)
  A titan (Vaults:5)
  2 quicksilver dragons
  A deep elf master archer (Elf:3)
  2 sphinxes
  A shadow dragon (shapeshifter) (Depths:2)
  Agnes (Snake:4)
  5 shadow dragons (Depths:4)
  Donald (Swamp:4)
  7 tengu reavers
  5 storm dragons
  12 nagarajas
  A balrug (Depths:3)
  11 frost giants
  2 iron dragons
  8 fire giants
  7 deep elf sorcerers
  10 vault wardens
  Louise (Swamp:1)
  2 orc warlords (Orc:2)
  4 deep elf elementalists
  Aizul (Swamp:3)
  A war gargoyle (Vaults:3)
  7 spriggan defenders
  15 stone giants
  12 ironheart preservers
  An entropy weaver (Vaults:3)
  35 very ugly things
  12 deep elf demonologists
  7 vampire knights
  Azrael (D:13)
  4 spark wasps
  7 deep elf annihilators
  17 ettins
  9 deep elf death magi
  A blizzard demon (Elf:2)
  5 jiangshi
  6 great orbs of eyes
  16 fire dragons
  12 ice dragons
  3 deep elf high priests
  8 ogre magi
  22 vault guards
  14 naga warriors
  5 rakshasas
  18 yaktaur captains
  A hell beast (Depths:4)
  6 ghost crabs
  7 hydras
  8 spriggan air magi
  A shambling mangrove (Swamp:2)
  A monstrous demonspawn (Depths:3)
  A catoblepas (Lair:6)
  11 anacondas
  6 centaur warriors
  10 alligators
  2 death knights
  A two-headed ogre (shapeshifter) (Vaults:2)
  13 deep troll shamans
  17 two-headed ogres
  14 dancing weapons
  7 deep troll earth magi
  8 tengu warriors
  3 vampire magi (Depths:4)
  14 spriggan berserkers
  23 naga sharpshooters
  14 death yaks
  7 orc high priests
  2 sun demons
  9 shock serpents
  A fire crab (shapeshifter) (Depths:3)
  A storm dragon zombie (Depths:4)
  26 deep elf knights
  7 iron trolls
  4 salamander mystics
  4 hell knights
  2 skeletal warriors
  A shadow wraith (Vaults:2)
  6 flayed ghosts
  An unseen horror (D:14)
  6 glowing orange brains
  2 spectral hydras (Swamp:4)
  23 deep trolls
  2 phantasmal warriors
  6 naga ritualists
  An infernal demonspawn (Depths:3)
  5 swamp dragons
  A lindwurm (shapeshifter) (D:15)
  A lindwurm (Lair:6)
  14 deep elf archers
  60 deep elf magi
  4 necromancers
  4 wolf spiders
  6 harpies
  A tengu zombie (Depths:2)
  7 wizards
  A harpy (shapeshifter) (Vaults:3)
  8 orc knights
  12 orc sorcerers
  11 ironbrand convokers
  9 mana vipers
  2 manticores
  A shadow dragon skeleton (Depths:4)
  75 ugly things
  5 cyclopes
  16 guardian serpents
  A moth of wrath (shapeshifter) (Depths:1)
  16 salamanders
  28 black mambas
  18 vault sentinels
  2 centaur zombies
  21 naga magi
  5 torpor snails (Lair:6)
  An iron dragon skeleton (Depths:4)
  9 elephants
  A fire giant skeleton (Depths:2)
  A smoke demon (Depths:3)
  2 ice statues (Depths:1)
  2 spiny frogs (shapeshifter)
  An eye of devastation (shapeshifter) (Vaults:3)
  2 orange demons
  A spriggan zombie (Depths:2)
  5 spectral swamp worms (Depths:4)
  11 freezing wraiths
  7 centaur skeletons
  13 spiny frogs
  40 yaktaurs
  6 rime drakes
  8 komodo dragons
  5 swamp worm zombies (Swamp:4)
  4 ice devils
  3 tengu conjurers
  2 queen bees (shapeshifter)
  A queen bee (D:13)
  10 tyrant leeches
  3 meliai (D:13)
  A hydra zombie (Swamp:4)
  6 trolls
  2 polar bears
  22 hornets
  3 alligator zombies (Swamp:4)
  12 blink frogs
  Prince Ribbit (D:7)
  8 bog bodies
  59 slime creatures
  3 spectral swamp dragons
  14 hippogriffs
  A dream sheep (shapeshifter) (Vaults:4)
  7 air elementals
  10 spriggans
  A shadow (Swamp:1)
  A vampire (D:13)
  A tarantella (shapeshifter) (D:14)
  8 water elementals
  A human (shapeshifter) (D:15)
  69 yaks
  4 wyverns
  3 fire elementals
  3 basilisks
  A human (D:13)
  A basilisk (shapeshifter) (Vaults:3)
  A chaos spawn (Depths:4)
  A neqoxec (Depths:4)
  4 steam dragons
  Grum (D:10)
  5 hungry ghosts
  25 vampire mosquitoes
  8 small abominations
  22 insubstantial wisps
  76 nagas
  Edmund (D:5)
  2 soldier ants (D:12)
  11 swamp worms
  A soldier ant (shapeshifter) (Vaults:1)
  10 wargs
  2 acid dragons
  18 water moccasins
  2 floating eyes
  12 swamp drakes
  3 hell hounds
  9 porcupines
  A water moccasin (shapeshifter) (Depths:1)
  3 slaves (D:4)
  7 ice beasts
  63 orc warriors
  9 phantoms
  2 black bears
  An eye of draining (D:13)
  3 sky beasts
  17 boggarts
  6 swamp dragon zombies (Swamp:4)
  40 ogres
  8 large abominations
  A necrophage (D:9)
  18 wolves
  A crocodile (shapeshifter) (Vaults:3)
  4 centaurs
  11 crocodiles
  A big kobold (D:11)
  3 elf zombies
  Blork the orc (D:5)
  17 bullfrogs
  3 earth elementals
  6 scorpions
  A wyvern skeleton (D:7)
  15 wights
  30 killer bees
  2 electric eels (D:9)
  13 crimson imps
  6 bullfrog zombies
  4 quasits
  7 jellies
  41 orc priests
  3 hounds
  An iron imp (Depths:4)
  6 iguanas
  32 orc wizards
  5 hell rats (Lair:3)
  17 worker ants
  A spectral swamp drake (Swamp:4)
  A hound skeleton (D:4)
  A worker ant zombie (D:8)
  A howler monkey skeleton (D:6)
  17 adders
  A gnoll (D:1)
  A swamp drake zombie (Swamp:4)
  2 shadow imps (Depths:3)
  7 white imps
  4 ufetubi
  6 oozes
  2 adder skeletons (D:9)
  2 worms
  5 dart slugs
  6 leopard geckos
  130 orcs
  4 giant cockroaches
  8 goblins
  6 hobgoblins
  3 jackals (D:4)
  8 quokkas
  6 bats (D:1)
  3 frilled lizards
  A jackal zombie (D:8)
  11 kobolds
  4 quokka skeletons
  A quokka zombie (D:5)
  6 rats
  A fungus (Lair:6)
  2 plants (Lair:6)
2212 creatures vanquished.

Vanquished Creatures (collateral kills)
  A lich (Depths:2)
  A fire giant (Depths:2)
  A frost giant (Depths:4)
  A great orb of eyes (Depths:4)
  A spriggan air mage (Depths:2)
  A deep elf mage (Elf:2)
  A moth of wrath (shapeshifter) (Vaults:5)
7 creatures vanquished.

Vanquished Creatures (others)
  A deep elf master archer (Elf:3)
  2 stone giants
  A spriggan defender (Depths:4)
  A yaktaur captain (Depths:1)
  2 deep elf archers
  8 yaktaurs
  19 fungi
  39 plants
  2 withered plants (Vaults:4)
75 creatures vanquished.

Grand Total: 2294 creatures vanquished

Notes
Turn   | Place    | Note
-------+----------+-------------------------------------------
     0 | D:1      | Matador8 the Draconian Fire Elementalist began the quest
                  | for the Orb.
     0 | D:1      | Reached XP level 1. HP: 14/14 MP: 3/3
     3 | D:1      | Noticed a formicid
     3 | D:1      | Noticed a human
     5 | D:1      | Noticed a draconian
     5 | D:1      | Noticed a ghoul
     7 | D:1      | Noticed a demigod
     7 | D:1      | Noticed a dwarf
     9 | D:1      | Noticed a minotaur
    11 | D:1      | Noticed a gargoyle
    11 | D:1      | Noticed a vine stalker
    15 | D:1      | Noticed an octopode
    15 | D:1      | Noticed a halfling
    17 | D:1      | Noticed a demonspawn
    17 | D:1      | Noticed an ogre
    19 | D:1      | Noticed a naga
    19 | D:1      | Noticed an elf
    21 | D:1      | Noticed a merfolk
    21 | D:1      | Noticed a centaur
    23 | D:1      | Noticed a felid
    25 | D:1      | Noticed a troll
    25 | D:1      | Noticed a vampire
    27 | D:1      | Noticed a tengu
    27 | D:1      | Noticed a spriggan
   182 | D:1      | Reached XP level 2. HP: 20/20 MP: 0/5
   559 | D:1      | Reached XP level 3. HP: 26/26 MP: 3/6
  1626 | D:2      | Learned a level 2 spell: Throw Flame
  1641 | D:2      | Reached XP level 4. HP: 33/33 MP: 8/8
  1650 | D:2      | Learned a level 3 spell: Conjure Flame
  2677 | D:3      | Found a radiant altar of Vehumet.
  2678 | D:3      | Found a burning altar of Makhleb.
  2893 | D:3      | Became a worshipper of Vehumet
  2951 | D:3      | Found a white marble altar of Elyvilon.
  3054 | D:3      | Reached XP level 5. HP: 38/38 MP: 7/9
  3447 | D:4      | Found a staircase to the Ecumenical Temple.
  3565 | D:4      | Noticed Pikel
  3565 | D:4      | Noticed a slave
  3565 | D:4      | Noticed a slave
  3618 | D:4      | Noticed a slave
  3819 | D:4      | Reached XP level 6. HP: 43/45 MP: 3/11
  3889 | D:4      | Learned a level 4 spell: Sticky Flame
  4231 | D:5      | Entered Level 5 of the Dungeon
  4297 | D:5      | Noticed Edmund
  4450 | D:5      | Reached * piety under Vehumet
  4450 | D:5      | Offered knowledge of Freeze by Vehumet.
  4471 | D:5      | Noticed an ice beast
  4480 | D:5      | Noticed Blork the orc
  4640 | D:5      | Reached skill level 5 in Fire Magic
  4692 | D:5      | Reached skill level 1 in Short Blades
  4839 | D:4      | Killed an ice beast
  4839 | D:4      | Your scales start taking on a dull iron-grey colour.
  4839 | D:4      | Reached XP level 7. HP: 32/50 MP: 0/13
  4839 | D:4      | Gained mutation: You can survive without breathing. [Grey
                  | Draconian growth]
  5035 | D:5      | Killed Edmund
  5463 | D:5      | Killed Blork the orc
  6567 | D:6      | Reached skill level 5 in Conjurations
  6567 | D:6      | Reached XP level 8. HP: 49/57 MP: 4/14
  6656 | D:6      | Found Tukhiusi's Gadget Shoppe.
  6934 | D:6      | Found a shadowy altar of Dithmenos.
  6944 | D:6      | Reached ** piety under Vehumet
  6944 | D:6      | Offered knowledge of Searing Ray by Vehumet.
  7348 | D:6      | Found a sparkling altar of Nemelex Xobeh.
  7348 | D:6      | Found an ancient bone altar of Kikubaaqudgha.
  8524 | D:7      | Noticed Harold
  8696 | D:7      | Noticed a hippogriff
  8705 | D:7      | Killed a hippogriff
  8705 | D:7      | Reached XP level 9. HP: 62/62 MP: 6/16
  9004 | D:7      | Noticed Joseph
  9037 | D:6      | Reached skill level 1 in Fighting
  9303 | D:7      | Noticed Prince Ribbit
  9332 | D:7      | Killed Prince Ribbit
  9660 | D:7      | Found a shattered altar of Ashenzari.
 10549 | D:8      | Found a bloodstained altar of Trog.
 10770 | D:8      | Offered knowledge of Mephitic Cloud by Vehumet.
 10796 | D:8      | Found a glowing silver altar of Zin.
 10998 | D:8      | Learned a level 5 spell: Fireball
 11270 | D:8      | Found a blossoming altar of Fedhas.
 11863 | D:9      | Noticed a troll
 11873 | D:9      | Killed a troll
 11873 | D:9      | Reached skill level 5 in Fighting
 11873 | D:9      | Reached XP level 10. HP: 81/81 MP: 4/17
 11877 | D:9      | Reached *** piety under Vehumet
 12163 | D:9      | Reached skill level 5 in Spellcasting
 12332 | D:9      | Offered knowledge of Ignite Poison by Vehumet.
 12584 | D:9      | Reached skill level 5 in Dodging
 13164 | D:9      | Reached skill level 10 in Conjurations
 13256 | D:9      | Found a staircase to the Lair.
 13368 | Lair:1   | Entered Level 1 of the Lair of Beasts
 13374 | Lair:1   | Learned a level 3 spell: Ignite Poison
 13731 | Lair:1   | Reached skill level 1 in Poison Magic
 13907 | Lair:1   | Reached **** piety under Vehumet
 13984 | Lair:1   | Noticed a spiny frog
 13993 | Lair:1   | Killed a spiny frog
 13993 | Lair:1   | Reached XP level 11. HP: 72/88 MP: 11/18
 14392 | Lair:1   | Offered knowledge of Stone Arrow by Vehumet.
 14931 | Lair:2   | Got a crude long sword
 14932 | Lair:2   | Identified the +4 long sword of Roegryw {venom, rF+ Dex+3}
                  | (You found it on level 2 of the Lair of Beasts)
 14991 | Lair:2   | Reached skill level 1 in Long Blades
 14991 | Lair:2   | Reached skill level 1 in Transmutations
 16571 | Lair:3   | Found a staircase to the Swamp.
 17373 | Lair:3   | Noticed a seven-headed hydra
 17386 | Lair:3   | Killed a seven-headed hydra
 17671 | Lair:3   | Found a staircase to the Snake Pit.
 18578 | Lair:4   | Reached skill level 10 in Fighting
 18588 | Lair:4   | Reached XP level 12. HP: 67/106 MP: 12/19
 19013 | Lair:4   | Noticed a four-headed hydra
 19023 | Lair:4   | Killed a four-headed hydra
 19907 | Lair:4   | Noticed a five-headed hydra
 19919 | Lair:4   | Killed a five-headed hydra
 20288 | Lair:4   | Reached ***** piety under Vehumet
 20989 | Lair:5   | Noticed a four-headed hydra
 21024 | Lair:4   | Killed a five-headed hydra
 21395 | Lair:5   | Offered knowledge of Olgreb's Toxic Radiance by Vehumet.
 21481 | Lair:5   | Reached skill level 1 in Evocations
 21780 | Lair:5   | Found a staircase to the Slime Pits.
 22229 | Lair:5   | Found the +8 whip "Snakebite" {curare, rPois}
 22393 | Lair:5   | Learned a level 4 spell: Olgreb's Toxic Radiance
 22506 | Lair:6   | Entered Level 6 of the Lair of Beasts
 22514 | Lair:6   | Reached skill level 5 in Long Blades
 22949 | Lair:6   | Noticed a death yak
 22951 | Lair:6   | Noticed a death yak
 22974 | Lair:6   | Reached XP level 13. HP: 106/114 MP: 19/26
 23859 | Lair:5   | Reached skill level 10 in Fire Magic
 24097 | Lair:5   | Learned a level 5 spell: Bolt of Draining
 24137 | Lair:6   | Reached skill level 1 in Necromancy
 25314 | Lair:6   | Reached skill level 5 in Necromancy
 26286 | Lair:6   | Offered knowledge of Iskenderun's Battlesphere by Vehumet.
 26477 | Lair:6   | Found a runed translucent door.
 26736 | Lair:6   | Noticed a fire dragon
 26754 | Lair:6   | Reached XP level 14. HP: 122/122 MP: 27/27
 27330 | Lair:6   | Paralysed by a hornet for 1 turns
 27360 | Lair:6   | Paralysed by a hornet for 2 turns
 28259 | D:10     | Entered Level 10 of the Dungeon
 28374 | D:10     | Got a faintly glowing halberd
 28377 | D:10     | Identified the +7 halberd "Kofrum" {venom, rF+ MR+} (You
                  | found it on level 10 of the Dungeon)
 28922 | D:10     | Found a staircase to the Orcish Mines.
 29160 | D:10     | Noticed Grum
 29163 | D:10     | Killed Grum
 29577 | D:11     | Found Qexa Iny's Assorted Antiques.
 29585 | D:11     | Bought a potion of heal wounds for 135 gold pieces
 30282 | D:11     | Offered knowledge of Bolt of Fire by Vehumet.
 30645 | Orc:1    | Entered Level 1 of the Orcish Mines
 30950 | Orc:1    | Found Vufyg's Food Shop.
 31345 | Orc:2    | Entered Level 2 of the Orcish Mines
 31845 | Orc:2    | Offered knowledge of Conjure Ball Lightning by Vehumet.
 31873 | Orc:2    | Reached skill level 10 in Long Blades
 32003 | Orc:2    | Found a roughly hewn altar of Beogh.
 32838 | Orc:2    | Found Pakhlehe's General Store.
 32848 | Orc:2    | Found Suschos's Distillery.
 33122 | Orc:2    | Bought a +1 cloak of magic resistance for 214 gold pieces
 33122 | Orc:2    | Bought a potion of invisibility for 104 gold pieces
 33206 | Orc:2    | Noticed an orc warlord
 33224 | Orc:2    | Killed an orc warlord
 33310 | Orc:2    | Bought a potion of haste for 140 gold pieces
 33310 | Orc:2    | Bought a potion of might for 56 gold pieces
 34061 | Orc:2    | Found a staircase to the Elven Halls.
 34109 | Orc:2    | Reached XP level 15. HP: 125/128 MP: 22/28
 34191 | Orc:2    | Noticed an orc warlord
 34237 | Orc:2    | Killed an orc warlord
 34864 | Orc:2    | Found a roughly hewn altar of Beogh.
 35338 | Orc:2    | Offered knowledge of Freezing Cloud by Vehumet.
 35390 | Orc:2    | Found Hahoukk's Food Emporium.
 35486 | Orc:2    | Found Cuntafo's Antique Armour Boutique.
 36419 | D:12     | Found a glowing golden altar of the Shining One.
 36492 | D:12     | Noticed Naggiasi's ghost (journeyman KoAs)
 36827 | D:12     | Found a transporter.
 36827 | D:12     | Found a transporter.
 36913 | D:12     | Found a portal to a secret trove of treasure.
 37297 | D:13     | Noticed Azrael
 38431 | D:13     | Killed Azrael
 38693 | D:13     | Found Kig Wotea's Antique Weapon Shop.
 38947 | D:13     | Offered knowledge of Orb of Destruction by Vehumet.
 40230 | D:14     | Reached skill level 10 in Necromancy
 40844 | D:15     | Entered Level 15 of the Dungeon
 41208 | D:15     | Found a bloodstained altar of Trog.
 41208 | D:15     | Noticed Yamstis's ghost (adept GnMo)
 41209 | D:15     | Found a transporter.
 41209 | D:15     | Identified the +6 dire flail "Ageteh" {freeze, rC- MR+
                  | Int+4 Dex+3}
 41215 | D:15     | Found a transporter.
 41303 | D:15     | Got a warped jade ring
 41447 | D:15     | Identified the ring of Suakhluk {rN+ Str+7 Int-5} (You
                  | found it on level 15 of the Dungeon)
 41798 | D:15     | Offered knowledge of Ozocubu's Refrigeration by Vehumet.
 42855 | Swamp:1  | Entered Level 1 of the Swamp
 42998 | D:11     | Bought an encrusted tourmaline ring for 135 gold pieces
 43404 | Swamp:1  | Reached XP level 16. HP: 113/136 MP: 26/29
 43858 | Swamp:1  | Noticed Louise
 43880 | Swamp:1  | Killed Louise
 44353 | Swamp:1  | Got a pair of ancient gloves
 44368 | Swamp:1  | Identified the +1 pair of gloves of the Guild-Master {Int-2
                  | Dex+6 Stlth+} (You found it on level 1 of the Swamp)
 44694 | Swamp:1  | Found a blossoming altar of Fedhas.
 44869 | Swamp:2  | Learned a level 5 spell: Borgnjor's Vile Clutch
 45040 | Swamp:2  | Reached skill level 10 in Spellcasting
 45040 | Swamp:2  | Reached skill level 1 in Earth Magic
 45944 | Swamp:2  | Reached skill level 2 in Earth Magic
 46823 | Swamp:2  | Reached skill level 3 in Earth Magic
 47102 | Swamp:2  | Reached ****** piety under Vehumet
 48036 | Swamp:2  | Reached skill level 4 in Earth Magic
 48267 | Swamp:3  | Offered knowledge of Fire Storm by Vehumet.
 48267 | Swamp:3  | Offered knowledge of Glaciate by Vehumet.
 48267 | Swamp:3  | Offered knowledge of Shatter by Vehumet.
 49169 | Swamp:3  | Reached skill level 5 in Earth Magic
 49526 | Swamp:4  | Entered Level 4 of the Swamp
 49526 | Swamp:4  | Noticed a tentacled monstrosity
 49833 | Swamp:3  | Reached skill level 6 in Earth Magic
 50059 | Swamp:4  | Noticed a tentacled monstrosity
 50076 | Swamp:4  | Killed a tentacled monstrosity
 50076 | Swamp:4  | Reached skill level 7 in Earth Magic
 50855 | Swamp:4  | Killed a tentacled monstrosity
 51319 | Swamp:4  | Noticed Donald
 51534 | Swamp:4  | Killed Donald
 52614 | Swamp:4  | Noticed Aizul
 54278 | Swamp:4  | Noticed a bone dragon
 54280 | Swamp:3  | Killed Aizul
 55167 | Swamp:4  | Learned a level 5 spell: Dispel Undead
 55547 | Swamp:4  | Reached skill level 8 in Earth Magic
 55806 | Swamp:4  | Got a decaying rune of Zot
 56022 | Swamp:4  | Upgraded the game from 0.24.0-13-gcf9b3192b9 to
                  | 0.24.0-28-g17ded55e90
 56314 | Orc:2    | Bought a potion of curing for 42 gold pieces
 56314 | Orc:2    | Bought a potion of mutation for 112 gold pieces
 56314 | Orc:2    | Bought a potion of mutation for 112 gold pieces
 56314 | Orc:2    | Bought a potion of curing for 42 gold pieces
 56314 | Orc:2    | Bought a potion of curing for 42 gold pieces
 56314 | Orc:2    | Bought a potion of curing for 42 gold pieces
 56314 | Orc:2    | Bought a potion of curing for 42 gold pieces
 56523 | Snake:1  | Entered Level 1 of the Snake Pit
 56837 | Snake:1  | Reached XP level 17. HP: 90/144 MP: 25/32
 57626 | Snake:1  | Reached skill level 9 in Earth Magic
 57953 | Snake:1  | Found Rikhliq's Jewellery Shoppe.
 57954 | Snake:1  | Found Recaist's Food Emporium.
 57954 | Snake:1  | Found Vigiphats's Jewellery Shoppe.
 57966 | Snake:1  | Found Zaadesymn's Distillery.
 57981 | Snake:1  | Bought a potion of haste for 160 gold pieces
 57981 | Snake:1  | Bought a potion of heal wounds for 80 gold pieces
 61394 | Snake:2  | Reached skill level 5 in Poison Magic
 64838 | Snake:4  | Entered Level 4 of the Snake Pit
 64955 | Snake:4  | Noticed Agnes
 65590 | Snake:4  | Got a coiled lead ring
 65595 | Snake:3  | Identified the ring "Qyvusuw" {rC++ MR+} (You found it on
                  | level 4 of the Snake Pit)
 66629 | Snake:3  | Reached skill level 10 in Dodging
 67157 | Snake:4  | Killed Agnes
 67808 | Snake:4  | Noticed Vashnia
 68778 | Snake:4  | Killed Vashnia
 68778 | Snake:4  | Reached XP level 18. HP: 71/151 MP: 7/34
 70658 | Snake:4  | Reached skill level 10 in Earth Magic
 73012 | Snake:4  | Noticed Saint Roka
 73536 | Snake:4  | Killed Saint Roka
 73536 | Snake:4  | Reached skill level 11 in Earth Magic
 76294 | Snake:4  | Got a serpentine rune of Zot
 76392 | Snake:1  | Bought a ration for 55 gold pieces
 76392 | Snake:1  | Bought a ration for 55 gold pieces
 76392 | Snake:1  | Bought a ration for 55 gold pieces
 76392 | Snake:1  | Bought a ration for 55 gold pieces
 76417 | Snake:1  | Bought a +5 amulet of reflection for 494 gold pieces
 77095 | D:13     | Found a gate to the Vaults.
 77455 | Vaults:1 | Entered Level 1 of the Vaults
 78595 | Vaults:1 | Reached XP level 19. HP: 162/162 MP: 33/36
 82610 | Vaults:2 | Reached skill level 15 in Fighting
 83610 | Vaults:2 | Reached skill level 5 in Stealth
 85109 | Vaults:2 | Noticed Boris
 85280 | Vaults:2 | Killed Boris
 85280 | Vaults:2 | Reached skill level 12 in Earth Magic
 86402 | Vaults:3 | Found a staircase to the Crypt.
 86402 | Vaults:3 | Found a basalt altar of Yredelemnul.
 86403 | Vaults:3 | Found an ancient bone altar of Kikubaaqudgha.
 86566 | Vaults:3 | Reached skill level 13 in Earth Magic
 87753 | Vaults:3 | Reached XP level 20. HP: 178/178 MP: 27/37
 88650 | Vaults:3 | Found Gozag's Assorted Antiques.
 88660 | Vaults:3 | Found an opulent altar of Gozag.
 88666 | Vaults:3 | Found Gozag's Antique Weapon Shoppe.
 88688 | Vaults:3 | Found Gozag's Antique Armour Emporium.
 90749 | Vaults:4 | Reached skill level 1 in Shields
 91487 | Vaults:4 | Found a runed translucent gate.
 91487 | Vaults:4 | Found a runed translucent gate.
 91487 | Vaults:4 | Found a runed translucent gate.
 91487 | Vaults:4 | Noticed deprived's ghost (veteran HOFi)
 91487 | Vaults:4 | Noticed DizzySkin's ghost (veteran MiBe)
 91487 | Vaults:4 | Noticed Lolleill's ghost (adept DgTm)
 91487 | Vaults:4 | Noticed theMacoje's ghost (adept OgEn)
 92290 | Vaults:4 | Reached skill level 14 in Earth Magic
 93009 | Vaults:4 | Reached skill level 15 in Earth Magic
 93867 | Vaults:4 | Reached skill level 16 in Earth Magic
 94973 | D:13     | Identified a scroll of acquirement
 95173 | Snake:1  | Bought the ring "Vac Viug" {rF+ MR+ Str+3 Dex+4} for 889
                  | gold pieces
 95181 | Snake:1  | Bought a ration for 55 gold pieces
 95181 | Snake:1  | Bought a ration for 55 gold pieces
 95181 | Snake:1  | Bought a ration for 55 gold pieces
 95181 | Snake:1  | Bought a ration for 55 gold pieces
 95401 | Elf:1    | Entered Level 1 of the Elven Halls
 95489 | Elf:1    | Reached skill level 5 in Evocations
 96569 | Elf:1    | Reached XP level 21. HP: 184/184 MP: 38/38
 96683 | Elf:1    | Learned a level 6 spell: Death Channel
 96708 | Elf:1    | Found Tigaaj's Weapon Shoppe.
 97266 | Elf:1    | Identified the Guide on Darkness
 97858 | Elf:2    | Found a magical portal.
 97965 | Elf:2    | Learned a level 6 spell: Iron Shot
 98386 | Elf:2    | Reached skill level 17 in Earth Magic
 98639 | Elf:2    | Found a runed translucent gate.
 98641 | Elf:2    | Found a runed translucent gate.
 98644 | Elf:2    | Found a runed translucent gate.
 98854 | Elf:3    | Entered Level 3 of the Elven Halls
 99694 | Elf:3    | Found Qevawys's Armour Boutique.
101471 | Elf:3    | Identified the cursed +1 scimitar of Blood {speed, +Blink
                  | MR+ Int+3}
102690 | Elf:3    | Identified the +3 trident "Gem Fayd" {flame, rC+ Dex+3}
102690 | Elf:3    | Identified the cursed +1 leather armour "Asiah" {-Tele
                  | rN+++ MR- Regen+}
102690 | Elf:3    | Identified the ring of Coeri {rElec rPois MP+9 Str+2 Int-4}
102884 | Elf:3    | Identified the +7 flail "Qiobb" {holy, rPois Str-3 Int+8}
103576 | Elf:3    | Found the +1 cloak of Starlight {rElec rC+ EV+4 Stlth--}
103593 | Elf:3    | Found the amulet of the Air {Inacc +Fly rElec EV+5 RMsl}
103803 | Elf:3    | Bought a +0 pair of boots of stealth for 149 gold pieces
104003 | Orc:2    | Bought a ration for 60 gold pieces
104003 | Orc:2    | Bought a ration for 60 gold pieces
104003 | Orc:2    | Bought a ration for 60 gold pieces
104003 | Orc:2    | Bought a ration for 60 gold pieces
104003 | Orc:2    | Bought a ration for 60 gold pieces
104003 | Orc:2    | Bought a ration for 60 gold pieces
104003 | Orc:2    | Bought a ration for 60 gold pieces
104003 | Orc:2    | Bought a ration for 60 gold pieces
104003 | Orc:2    | Bought a ration for 60 gold pieces
104003 | Orc:2    | Bought a ration for 60 gold pieces
104217 | D:13     | Got an ebony triple sword
104223 | D:13     | Identified the +1 triple sword "Risiyd" {slice, *Slow rF-
                  | rN+++ Dex+3} (You acquired it on level 13 of the Dungeon)
104364 | D:15     | Found a staircase to the Depths.
104459 | Depths:1 | Entered Level 1 of the Depths
104738 | Snake:1  | Bought the ring "Ceqathredgh" {rN+ Int+2} for 374 gold
                  | pieces
104738 | Snake:1  | Bought an uncursed ring of resist corrosion for 240 gold
                  | pieces
106130 | Depths:1 | Reached XP level 22. HP: 192/192 MP: 32/39
106222 | Depths:1 | Found a one-way gate to the infinite horrors of the Abyss.
106243 | Depths:1 | Found Ceugalergh's Jewellery Shoppe.
106628 | Depths:1 | Learned a level 7 spell: Orb of Destruction
107714 | Depths:1 | Identified the +10 arbalest "Mehif" {penet, rC+ MR+}
108218 | Depths:1 | Found a one-way gate leading to the halls of Pandemonium.
108823 | Depths:1 | Reached XP level 23. HP: 204/204 MP: 41/41
109231 | Depths:1 | Found a gateway to Hell.
110849 | Depths:2 | Found Nougyvea's Gadget Emporium.
110850 | Depths:2 | Found Mupillau's Jewellery Boutique.
110854 | Depths:2 | Found Dagry's Jewellery Boutique.
110893 | Depths:2 | Reached skill level 15 in Conjurations
111723 | Depths:2 | Paralysed by a floating eye for 2 turns
112672 | Depths:2 | Reached XP level 24. HP: 194/214 MP: 36/41
114179 | Depths:3 | Reached skill level 15 in Necromancy
114634 | Depths:3 | Reached skill level 1 in Maces & Flails
114674 | Depths:3 | Found a glowing silver altar of Zin.
114675 | Depths:3 | Found an ancient bone altar of Kikubaaqudgha.
114675 | Depths:3 | Found an opulent altar of Gozag.
114675 | Depths:3 | Found a shimmering altar of Xom.
115189 | Depths:3 | Reached skill level 5 in Maces & Flails
115269 | Depths:3 | Found a gateway to a ziggurat.
115397 | Depths:3 | You fall into a shaft and drop 1 floor!
115816 | Depths:4 | Identified the +5 rapier of the Kidney {pierce, rN+}
115895 | Depths:4 | HP: 9/216 [caustic shrike (18)]
115895 | Depths:4 | HP: 4/216 [acid (5)]
116609 | Depths:4 | Reached skill level 10 in Maces & Flails
117881 | Depths:4 | Reached XP level 25. HP: 187/223 MP: 38/41
119311 | Depths:3 | Reached skill level 18 in Earth Magic
119712 | Depths:4 | Noticed the Enchantress
119724 | Depths:4 | Killed the Enchantress
119729 | Depths:4 | Reached skill level 19 in Earth Magic
119764 | Depths:4 | Found a hazy altar of Hepliaklqana.
120292 | Depths:4 | Noticed a juggernaut
120317 | Depths:4 | Identified the Catalogue of Fire and Execration
120630 | Depths:4 | Noticed Jory
120637 | Depths:4 | Killed Jory
120845 | Depths:4 | Killed a juggernaut
121252 | Depths:4 | Reached skill level 10 in Evocations
122205 | Depths:5 | Entered Level 5 of the Depths
122713 | Vaults:3 | Bought a potion of heal wounds for 500 gold pieces
123080 | Vaults:5 | Entered Level 5 of the Vaults
123097 | Vaults:4 | Reached skill level 1 in Throwing
123717 | Vaults:5 | Identified the cursed +2 morningstar of the Blind Eye
                  | {crush, MR- Str-5 Dex+8}
123726 | Vaults:5 | Learned a level 3 spell: Regeneration
123816 | Vaults:5 | HP: 6/336 [vault guard/+0 glaive of protection (24)]
123820 | Vaults:5 | Killed from afar by a shadow dragon

Levels and vault maps discovered:
D:1:      kb_arrival_jail, layout_basic
D:2:      layout_loops_corners
D:3:      layout_loops_ring, grunt_temple_overflow_lords_of_destruction,
          elyvilon_altar_5
D:4:      layout_basic, minmay_temple_entry_antechambers, uniq_pikel
D:5:      layout_rooms, first_ration, chequers_jeans,
          kennysheep_generic_room_15, uniq_blork_the_orc, uniq_edmund
D:6:      layout_loops_ring, gammafunk_temple_overflow_statue, kennysheep_mini,
          serial_shops, nicolae_shop_statue_plus
D:7:      layout_loops_ring, nicolae_ashenzari_panopticon, uniq_joseph,
          uniq_harold, uniq_prince_ribbit1
D:8:      layout_gridville, old_standard_altar, zin_academy,
          fedhas_altar_fruit_tree, serial_rivers, chequers_serial_rivers_room_b,
          chequers_serial_rivers_room_a, chequers_serial_rivers_micro_e,
          chequers_serial_rivers_micro_d
D:9:      argonaut_augean_stables, layout_basic, lair_entry_dummy
D:10:     layout_irregular_city, david_orc_3, uniq_grum
D:11:     layout_long_grid, serial_shops, shop
D:12:     layout_loops_ring, gammafunk_ghost_mausoleum,
          nicolae_trove_entry_crossroad, hangedman_pestilent_swarm,
          nicolae_tso_carved_into_rock
D:13:     layout_rooms, grunt_vaults_entry_fortified, serial_shops,
          shop_fountains, special_room [special_room_bee], wad_floor_pattern_2,
          kennysheep_generic_room_13, uniq_azrael
D:14:     layout_basic, serial_park_tiny_2, serial_co_window_serial,
          co_window_paths_a, co_window_corner_a, co_window_of_opportunity_a,
          co_window_paths_a, co_window_paths_b, co_window_paths_b,
          co_window_corner_a, co_window_of_opportunity_a, co_window_paths_a,
          co_window_corner_b, co_window_broadway_a, co_window_corner_cb,
          co_window_broadway_b, co_window_unsneaky_path_c, co_window_cross_3,
          co_window_paths_c, glass_columns_a, glass_columns_b, glass_columns_c,
          glass_columns_c
D:15:     gammafunk_enter_depths_forms, layout_loops_ring,
          gammafunk_ghost_wrathful_warriors, minmay_misc_feat_cross, laboratory
Lair:1:   layout_cave_pods, infiniplex_staircase_pool_2, lemuel_fruit_tree,
          serial_bayou_shore_b
Lair:2:   layout_loops_ring, serial_bayou_crossing
Lair:3:   layout_chaotic_city, swamp_mist, minmay_snake_entry_guardpost_small
Lair:4:   layout_hall_layers, serial_bayou_pond_a, st_stairs_6,
          grunt_megastairs_3, minmay_lair_oklob_chamber
Lair:5:   minmay_guarded_unrand_snakebite, layout_long_grid,
          nicolae_slime_entry_slimehenge, cheibrodos_lair_caveside_slide,
          nicolae_quartered_pool_medium
Lair:6:   guppyfry_lair_end_dragon, layout_loops_ring, wormcave,
          serial_bayou_pond_d
Swamp:1:  layout_basic_swamp, nicolae_swamp_godswood, ldierk_geyser, uniq_louise
Swamp:2:  layout_basic_swamp, hangedman_swamp_lotus
Swamp:3:  layout_basic_swamp, evilmike_swamp_ruin_rubble_2
Swamp:4:  swamp_pestilence, layout_basic_swamp, uniq_aizul, uniq_donald
Snake:1:  layout_rooms, grunt_megastairs_2, minmay_shoptagon
Snake:2:  hangedman_cross_stitches, layout_cave_shapes
Snake:3:  nrook_guardian_serpent_snake_passage, layout_grid_shapes
Snake:4:  johnstein_snake_rune_scales, layout_cave_shapes, uniq_agnes,
          uniq_vashnia, uniq_saint_roka
Orc:1:    layout_caves, serial_shops, nicolae_shop_stone, nicolae_orc_lava_room
Orc:2:    pubby_orc_utopia
Elf:1:    elf_arrival_001, layout_geoelf_grid, serial_shops, nicolae_shop_trees,
          minmay_elf_necromancy
Elf:2:    layout_geoelf_diagonals, mu_enter_wizlab_4
Elf:3:    elf_hall, layout_geoelf_octagon, serial_shops, nicolae_shop_stone
Vaults:1: nicolae_vaults_specimen_jars, vaults_dpeg_ring, v_misc_12, v_misc_23,
          v_misc_3, nicolae_vaults_triangles, nicolae_vaults_angled_halls,
          nicolae_vaults_theta, v_misc_8, layout_vaults_omnigrid
Vaults:2: nicolae_vaults_diagonal_hallway_9, nicolae_vaults_network_quinsquares
          [nicolae_vaults_network_quincunx_subvault,
          nicolae_vaults_network_quincunx_subvault,
          nicolae_vaults_network_quincunx_subvault,
          nicolae_vaults_network_quincunx_subvault], ontoclasm_vaults_spin,
          v_misc_3, nicolae_vaults_bisected_exclaves, v_misc_1,
          hangedman_vaults_nails, vaults_dpeg_encased_lava,
          nicolae_vaults_little_squares_6, layout_vaults_omnicross, uniq_boris
Vaults:3: minmay_crypt_entry_necro_gods, kennysheep_vaults_gozag_temple,
          dpeg_vaults_monster_box, ontoclasm_vaults_bender, vaults_room_fours,
          v_misc_27, ontoclasm_vaults_pinch, vaults_room_pools, v_pattern_3,
          vaults_room_stairs_pillars, layout_vaults_maze_snakey
Vaults:4: gammafunk_vaults_ghost_cemetery, nicolae_vaults_branching_niches,
          ontoclasm_vaults_twist, vaults_dpeg_hooks, grunt_vaults_hallway_short,
          v_misc_17, grunt_vaults_swirl, hangedman_vaults_nails,
          ontoclasm_vaults_idyll, v_misc_4, v_rooms_1,
          nicolae_vaults_network_quincunx
          [nicolae_vaults_network_quincunx_subvault,
          nicolae_vaults_network_quincunx_subvault,
          nicolae_vaults_network_quincunx_subvault,
          nicolae_vaults_network_quincunx_subvault,
          nicolae_vaults_network_quincunx_subvault],
          nicolae_vaults_twisting_passages, nicolae_vaults_rhombus_5,
          layout_vaults_omnibox
Vaults:5: serial_shops, uniq_sojobo
Depths:1: nicolae_legendary_halls, layout_gridlike, pf_dread_powers_of_hell,
          abyss_entry_small_statue_room, grunt_pan_entry_in_and_out,
          minmay_shop_enchanted_jewellery, ice2_lemuel
Depths:2: minmay_tile_spiral, layout_cave_pools, abyss_entry, hell_entry,
          grunt_ministairs_9, minmay_staircase_windowed_small,
          minmay_shop_grove, grunt_megastairs_1
Depths:3: minmay_the_grid_octo_2x2 [minmay_the_grid_octo_tetromino_candy,
          minmay_the_grid_octo_odd_swirl, minmay_the_grid_octo_shrine,
          minmay_the_grid_octo_prize_ultimate_mussel_roller], layout_honeycomb,
          enter_ziggurat_f, grunt_pan_entry_spiral, hell_entry,
          serial_bayou_shore_a, minmay_staircase_statues_hall_small
Depths:4: hangedman_box_tower, layout_cave_pools, abyss_entry,
          grunt_pan_entry_sceptre, pf_hell_entry_tar_river, old_standard_altar,
          minmay_misc_feat_more_columns, serial_bayou_shore_b, uniq_enchantress,
          uniq_jory
Depths:5: grunt_zot_entry_gee_three, layout_basic, nicolae_twisting_strands,
          hell_entry

Skill      XL: |  1  2  3  4  5  6  7  8  9 10 11 12 13 14 15 16 17 18 19 20 21 22 23 24 25 |
---------------+----------------------------------------------------------------------------+-----
Conjurations   | 2 3 4 5 7 8 10 11 13 16 | 16.2
Spellcasting   | 3 4 5 9 11 12 13 14 | 14.0
Fire Magic     | 4 5 7 9 10 12 14 | 14.0
Short Blades   | 1 3 |  3.8
Fighting       | 5 10 11 12 15 16 17 18 | 18.0
Dodging        | 2 6 7 8 11 12 | 12.4
Poison Magic   | 2 3 4 5 |  5.0
Long Blades    | 4 6 11 13 | 13.8
Transmutations | 3 4 |  4.1
Evocations     | 4 6 7 10 | 10.0
Necromancy     | 8 9 11 13 14 15 | 15.1
Earth Magic    | 8 9 11 13 16 17 19 | 19.2
Stealth        | 7 |  7.0
Shields        | 4 |  4.1
Translocations | 3 |  3.6
Invocations    | 2 |  2.7
Maces & Flails | 12 | 12.0
Throwing       | 3 |  3.1

Action                   |  1- 3 |  4- 6 |  7- 9 | 10-12 | 13-15 | 16-18 | 19-21 | 22-24 | 25-27 || total
-------------------------+-------+-------+-------+-------+-------+-------+-------+-------+-------++-------
Melee: Unarmed           |    24 |       |       |       |       |       |       |       |       ||    24
       Tailslap          |    11 |     7 |    22 |    54 |   197 |   191 |   285 |   280 |   117 ||  1164
       Short sword       |    38 |    96 |   300 |   113 |       |       |       |       |       ||   547
       Long sword        |       |       |       |   234 |   380 |       |       |       |       ||   614
       Scimitar          |       |       |       |       |   718 |  1317 |  1460 |   916 |       ||  4411
       Demon whip        |       |       |       |       |       |       |       |   140 |   410 ||   550
Throw: Throwing net      |       |       |       |       |       |       |     2 |       |     1 ||     3
 Cast: Flame Tongue      |    59 |    79 |   271 |   215 |   131 |   154 |    20 |       |       ||   929
       Throw Flame       |       |    23 |    61 |   146 |   128 |   239 |    91 |    26 |     5 ||   719
       Conjure Flame     |       |     1 |    18 |    16 |    33 |    17 |    24 |    39 |     4 ||   152
       Sticky Flame      |       |       |     5 |    68 |    57 |   113 |    92 |    45 |    14 ||   394
       Fireball          |       |       |       |     6 |    20 |    40 |    20 |       |       ||    86
       Ignite Poison     |       |       |       |     1 |    38 |     1 |     1 |       |       ||    41
       Olgreb's Toxic Ra |       |       |       |     1 |    44 |     6 |     2 |       |       ||    53
       Bolt of Draining  |       |       |       |       |   137 |   282 |   247 |   201 |    56 ||   923
       Borgnjor's Vile C |       |       |       |       |       |    63 |   119 |    63 |    40 ||   285
       Dispel Undead     |       |       |       |       |       |     1 |     8 |     4 |     8 ||    21
       Iron Shot         |       |       |       |       |       |       |    76 |    93 |    26 ||   195
       Death Channel     |       |       |       |       |       |       |     3 |     1 |     2 ||     6
       Orb of Destructio |       |       |       |       |       |       |       |     6 |       ||     6
       Regeneration      |       |       |       |       |       |       |       |       |     2 ||     2
Evoke: Wand              |       |       |       |       |     1 |       |     1 |     5 |       ||     7
       Lightning rod     |       |       |       |       |       |     4 |       |       |       ||     4
       Phantom mirror    |       |       |       |       |       |       |       |     2 |     2 ||     4
       Phial of floods   |       |       |       |       |       |       |       |     2 |     1 ||     3
  Use: Scroll            |       |     2 |     3 |     7 |    13 |    16 |    26 |     4 |    14 ||    85
       Potion            |       |     1 |     3 |     2 |     5 |    28 |     6 |    10 |     7 ||    62
 Stab: Sleeping          |       |     1 |     3 |     6 |     7 |     3 |    19 |     4 |       ||    43
       Confused          |       |       |       |       |       |     1 |       |       |       ||     1
       Distracted        |       |       |       |       |       |       |     2 |     1 |     2 ||     5
  Eat: Chunk             |     2 |    12 |    21 |    41 |    52 |    14 |    86 |    48 |    14 ||   290
       Ration            |       |       |     3 |     3 |    17 |    46 |    21 |    11 |     6 ||   107
Armor: Skin              |    27 |    55 |   271 |   167 |   324 |   533 |   299 |   223 |   113 ||  2012
Dodge: Dodged            |    67 |    84 |   284 |   375 |   919 |  1278 |   896 |   692 |   334 ||  4929
Block: Other             |       |       |       |       |       |    16 |   117 |       |       ||   133
       Reflection        |       |       |       |       |       |     7 |    49 |    21 |    16 ||    93
       Buckler           |       |       |       |       |       |       |   331 |   508 |   208 ||  1047
       Rpst.: Long sword |       |       |       |    51 |    98 |       |       |       |       ||   149
       Scimitar          |       |       |       |       |   160 |   213 |   201 |    92 |       ||   666
